 Dungeon Crawl Stone Soup version 0.30.1-11-g7821555f0a (webtiles) character file.

Game seed: 9903801569529026052

2629 bnorton916 the Destroyer (level 9, -1/45 HPs)
             Began as a Deep Elf Fire Elementalist on Nov 28, 2023.
             Was an Initiate of Gozag.
             Slain by Pikel
             ... wielding a +2 whip of freezing
              (3 damage)
             ... on level 7 of the Dungeon.
             The game lasted 00:16:56 (11820 turns).

bnorton916 the Destroyer (DEFE)                    Turns: 11820, Time: 00:16:57

Health: -1/45      AC:  6    Str: 13    XL:     9   Next: 35%
Magic:  0/23       EV: 12    Int: 23    God:    Gozag
Gold:   755        SH:  0    Dex: 11    Spells: 15/25 levels left

rFire   . . .        x - +7 spear of Eternal Night {vamp, rElec Will+ Str+6 Dex-4}
rCold   . . .        (no shield)
rNeg    . . .        a - +0 robe
rPois   .            t - +0 helmet
rElec   +            g - +0 cloak
rCorr   .            k - +1 pair of gloves
SInv    .            (no boots)
Will    ++...        (no amulet)
Stlth   ++           D - ring of willpower
HPRegen 0.27/turn    (no ring)
MPRegen 0.18/turn

%: no passive effects
@: about to teleport
A: no striking features
a: Renounce Religion, Potion Petition, Call Merchant, Bribe Branch


You were on level 7 of the Dungeon.
You worshipped Gozag.
Gozag was pleased with you.
You visited 1 branch of the dungeon, and saw 7 of its levels.
You also visited: Sewer.

You collected 822 gold pieces.
You paid 67 gold pieces to Gozag.

Inventory:

Hand Weapons
 r - a +6 sling of draining
 x - the +7 spear of Eternal Night (weapon) {vamp, rElec Will+ Str+6 Dex-4}
   (You found it on level 6 of the Dungeon)

   Str:       It affects your strength (+6).
   Dex:       It affects your dexterity (-4).
   rElec:     It insulates you from electricity.
   Will:      It increases your willpower.
 A - a +0 club
Missiles
 e - 23 poisoned darts
 u - a throwing net
 F - 3 boomerangs
Armour
 a - a +0 robe (worn)
 g - a +0 cloak (worn)
 k - a +1 pair of gloves (worn)
 t - a +0 helmet (worn)
Magical Staves
 w - a staff of earth
Jewellery
 D - a ring of willpower (left hand)
Wands
 i - a wand of flame (32)
 m - a wand of digging (5)
 s - a wand of polymorph (12)
 C - a wand of iceblast (6)
Scrolls
 c - 2 scrolls of immolation
 h - 3 scrolls of enchant armour
 j - 4 scrolls of fear
 l - 3 scrolls of blinking {unknown}
 n - 3 scrolls of teleportation
 p - 2 scrolls of vulnerability {unknown}
 q - a scroll of noise
 v - 2 scrolls of fog {unknown}
 y - a scroll of silence {unknown}
Potions
 b - a potion of magic
 d - 2 potions of lignification
 f - 3 potions of heal wounds
 o - a potion of berserk rage
 z - a potion of mutation
 B - a potion of brilliance
 E - 2 potions of attraction {unknown}


   Skills:
 - Level 2.4 Dodging
 - Level 2.4 Stealth
 + Level 8.6 Spellcasting
 + Level 9.0 Conjurations
 + Level 7.5 Fire Magic
 - Level 3.0 Air Magic
 - Level 3.0 Poison Magic


You had 15 spell levels left.
You knew the following spells:

 Your Spells              Type           Power      Damage    Failure   Level
a - Foxfire               Conj/Fire      100%       2x1d9     1%          1
b - Scorch                Fire           88%        2d8       1%          2
c - Mephitic Cloud        Conj/Pois/Air  33%        N/A       2%          3
d - Flame Wave            Conj/Fire      48%        2d12      2%          4

Your spell library contained the following spells:

 Spells                   Type           Power      Damage    Failure   Level
 Magic Dart               Conj           100%       1d8       1%          1
 Dazzling Flash           Conj/Hex       60%        N/A       3%          3
 Inner Flame              Hex/Fire       27%        N/A       4%          3
 Volatile Blastmotes      Fire/Tloc      54%        2d14      4%          3
 Slow                     Hex            36%        N/A       7%          1
 Call Imp                 Summ           18%        N/A       10%         2
 Lesser Beckoning         Tloc           18%        N/A       10%         2
 Sublimation of Blood     Necr           9%         N/A       10%         2
 Iskenderun's Mystic Bla  Conj/Tloc      30%        2d8       10%         4
 Confusing Touch          Hex            9%         N/A       21%         3
 Gell's Gravitas          Tloc           9%         N/A       21%         3
 Teleport Other           Tloc           9%         N/A       21%         3
 Vampiric Draining        Necr           9%         2d6       21%         3
 Irradiate                Conj/Tmut      15%        3d16      28%         5
 Starburst                Conj/Fire      24%        6d8       32%         6
 Petrify                  Tmut/Erth      9%         N/A       54%         4
 Summon Cactus Giant      Summ           4%         N/A       100%        6


Dungeon Overview and Level Annotations

Branches:
Dungeon (7/15)             Temple (0/1) D:5           Sewer (visited)

Altars:
Gozag
Kikubaaqudgha
Nemelex Xobeh
Qazlal
Uskayaw

Annotations:
D:7 Pikel


Message History

Confirm with . or Enter, or press ? or * to list all spells.
Casting: Flame Wave (dangerous; 2% risk of failure)
Press: ? - help, Dir - look around, f - activate A wave of flame ripples out!
The flame wave engulfs Pikel!
Pikel is severely wounded. (Press . to intensify the flame waves.) Pikel closely misses you.
Unknown command.
A wave of flame ripples out!
The flame wave engulfs Pikel.
Pikel is severely wounded.
Pikel is no longer more vulnerable to fire.
Pikel hits you with a +2 whip of freezing.
Pikel freezes you.
Unknown command.
A wave of flame ripples out!
The flame wave engulfs Pikel.
Pikel resists.
Pikel is severely wounded.
You finish channelling waves of flame.
Pikel hits you with a +2 whip of freezing.
* * * LOW HITPOINT WARNING * * *
Pikel freezes you.
* * * LOW HITPOINT WARNING * * *
You feel much better.
Pikel hits you with a +2 whip of freezing.
Pikel freezes you.
Casting: Flame Wave (dangerous; 2% risk of failure)
Confirm with . or Enter, or press ? or * to list all spells.
You don't have enough magic to cast this spell.
Unknown command.
As you read the scroll labelled NIEQEOTIKY, it crumbles to dust.
You feel strangely unstable.
It was a scroll of teleportation.
Pikel hits you with a +2 whip of freezing!
* * * LOW HITPOINT WARNING * * *
Pikel freezes you.
* * * LOW HITPOINT WARNING * * *
Pikel attacks as you move away!
Pikel hits you with a +2 whip of freezing.
* * * LOW HITPOINT WARNING * * *
Pikel freezes you.
You die...
Your body crumbles into a pile of gold.

#.....≈.......≈......#
#.....≈.≈≈.≈≈K≈......#
#.......≈...≈........#
....#.≈≈≈._.≈≈≈......#
..#..................#
#......###'#####.#####
# . #.K....# #.# #
#......# ##K#
###.##...).§###.@#.#.#
......>........##.#.#
...........######.#.#
.......##### ####.#.#
....... ####......##
.......
...........####
###....
............... ####.
.......<.# #.
....#.......#


You could see Pikel.

Vanquished Creatures
  Maggie (D:7)
  Prince Ribbit (D:5)
  A water moccasin (Sewer)
  3 ice beasts
  2 sky beasts (D:6)
  2 black bears
  A centaur (D:6)
  A phantom (D:5)
  4 lemures
  2 kobold brigands
  4 scorpions
  4 howler monkeys
  2 hounds
  2 gnoll boudas
  5 orc wizards
  Terence (D:3)
  3 iguanas
  Robin (D:3)
  15 gnolls
  2 river rats (D:3)
  7 adders
  4 white imps
  An ufetubus (D:4)
  6 worms
  2 dart slugs
  10 orcs
  6 bats
  3 endoplasms
  4 giant cockroaches (D:3)
  14 goblins
  8 hobgoblins
  3 jackals (D:1)
  15 kobolds
  4 quokkas
  8 ball pythons
  5 frilled lizards
  5 rats
162 creatures vanquished.

Vanquished Creatures (others)
  477 foxfires
477 creatures vanquished.

Grand Total: 639 creatures vanquished

Notes
Turn   | Place    | Note
-------+----------+-------------------------------------------
     0 | D:1      | bnorton916 the Deep Elf Fire Elementalist began the quest
                  | for the Orb.
     0 | D:1      | Reached XP level 1. HP: 10/10 MP: 6/6
   392 | D:1      | Reached XP level 2. HP: 15/15 MP: 2/8
   732 | D:1      | Learned a level 2 spell: Scorch
  1059 | D:1      | Reached skill level 2 in Conjurations
  1658 | D:2      | Reached XP level 3. HP: 19/19 MP: 7/10
  2581 | D:2      | Learned a level 3 spell: Mephitic Cloud
  2841 | D:3      | Reached XP level 4. HP: 24/24 MP: 9/12
  2982 | D:3      | Reached skill level 1 in Air Magic
  2982 | D:3      | Reached skill level 1 in Poison Magic
  3315 | D:3      | Found a glowing drain.
  3360 | Sewer    | Entered a sewer
  3523 | Sewer    | Noticed a water moccasin
  3569 | Sewer    | Killed a water moccasin
  3570 | Sewer    | Reached XP level 5. HP: 28/28 MP: 8/13
  4415 | D:3      | Noticed Robin
  4453 | D:3      | Killed Robin
  4454 | D:3      | Reached XP level 6. HP: 32/32 MP: 11/14
  4974 | D:3      | Noticed Terence
  4989 | D:3      | Killed Terence
  4990 | D:3      | Reached skill level 3 in Conjurations
  5292 | D:4      | Found an opulent altar of Gozag.
  5298 | D:4      | Became a worshipper of Gozag Ym Sagoz the Greedy
  5858 | D:4      | Reached skill level 5 in Spellcasting
  5914 | D:4      | Reached skill level 5 in Fire Magic
  5914 | D:4      | Reached XP level 7. HP: 28/36 MP: 9/17
  6550 | D:5      | Entered Level 5 of the Dungeon
  6671 | D:5      | Reached skill level 4 in Conjurations
  6821 | D:5      | Reached skill level 5 in Conjurations
  6883 | D:5      | Found a staircase to the Ecumenical Temple.
  7072 | D:5      | Reached skill level 6 in Conjurations
  7260 | D:5      | Noticed Prince Ribbit
  7281 | D:5      | Killed Prince Ribbit
  7282 | D:5      | Reached skill level 7 in Conjurations
  7282 | D:5      | Reached XP level 8. HP: 18/41 MP: 11/18
  7287 | D:5      | Learned a level 4 spell: Flame Wave
  8330 | D:6      | Identified the +7 spear of Eternal Night {vamp, rElec Will+
                  | Str+6 Dex-4}
  8557 | D:6      | Found a stormy altar of Qazlal.
  9539 | D:6      | Reached skill level 8 in Conjurations
 10446 | D:7      | Noticed Maggie
 10463 | D:7      | Killed Maggie
 10464 | D:7      | Reached XP level 9. HP: 34/45 MP: 3/23
 10719 | D:7      | Noticed Pikel
 11170 | D:7      | Found a hide-covered altar of Uskayaw.
 11619 | D:7      | Found a sparkling altar of Nemelex Xobeh.
 11640 | D:7      | Found an ancient bone altar of Kikubaaqudgha.
 11687 | D:7      | Reached skill level 9 in Conjurations
 11820 | D:7      | HP: 2/45 [Pikel/+2 whip of freezing (6)]
 11820 | D:7      | Slain by Pikel

Illustrated notes

Levels and vault maps discovered:
D:1:      co_arrival_square_in_a_square_in_a_square, layout_basic
D:2:      layout_loops_ring
D:3:      layout_loops_ring, gup_sewer_entry_spiral, uniq_terence, uniq_robin
D:4:      layout_basic, mainiacjoe_overflow_small_starburst
D:5:      layout_loops_ring, minmay_temple_entry_stoned_glass, minivault_26,
          uniq_prince_ribbit1
D:6:      layout_layer_cave, nicolae_qazlal_eye_of_the_storm,
          minmay_misc_feat_doors
D:7:      layout_basic, mainiacjoe_overflow_large_starburst,
          mainiacjoe_overflow_chevrons, minmay_overflow_temple_star_quad,
          mainiacjoe_overflow_alcove_1, wad_mini_maze, uniq_maggie, uniq_pikel

Skill      XL: |  1  2  3  4  5  6  7  8  9 |
---------------+----------------------------+-----
Conjurations   | 2 3 7 8 9 |  9.0
Spellcasting   | 4 5 8 |  8.6
Fire Magic     | 4 5 7 |  7.5
Air Magic      | 3 |  3.0
Poison Magic   | 3 |  3.0
Dodging        | |  2.4
Stealth        | |  2.4

Action                     |  1- 3 |  4- 6 |  7- 9 || total
---------------------------+-------+-------+-------++-------
  Melee: Unarmed           |       |     2 |     1 ||     3
         Spear             |       |       |     3 ||     3
   Cast: Foxfire           |    89 |    87 |   128 ||   304
         Scorch            |     5 |    40 |    92 ||   137
         Mephitic Cloud    |       |       |     8 ||     8
         Flame Wave        |       |       |     2 ||     2
  Evoke: Wand              |       |     1 |       ||     1
    Use: Scroll            |       |     5 |     5 ||    10
         Potion            |       |       |     1 ||     1
 Armour: Robe              |     6 |    15 |    35 ||    56
  Dodge: Dodged            |     9 |    35 |    58 ||   102
